IL
INDIANAPOLIS INDIANS @ ROCHESTER RED WINGS
09/13/2068
 
TOP OF THE 1ST
Indianapolis Indians batting - Pitching for Rochester Red Wings : LHP Tony Aragon
Pitching: LHP Tony Aragon
Batting: RHB Victor Robles 0-0: Ball
1-0: Called Strike
1-1: Called Strike
1-2: Fly out, F4 (Flyball, 34D, EV 76.2 MPH)
Batting: LHB Nick Simmons 0-0: Ball
1-0: Foul Ball, location: 2F
1-1: Swinging Strike
1-2: Fly out, F7 (Line Drive, 78M, EV 106.9 MPH)
Batting: LHB Ignacio Valverde 0-0: Called Strike
0-1: Ball
1-1: Foul Ball, location: 2F
1-2: SINGLE (Line Drive, 4D, EV 95.0 MPH)
Batting: LHB Chris Tittle 0-0: Ball
1-0: Called Strike
1-1: Swinging Strike
1-2: Strikes out looking
Top of the 1st over - 0 runs, 1 hit, 0 errors, 1 left on base; Indianapolis 0 - Rochester 0
BOTTOM OF THE 1ST
Rochester Red Wings batting - Pitching for Indianapolis Indians : LHP Gabe Fay
Pitching: LHP Gabe Fay
Batting: SHB Alex Perez 0-0: Ball
1-0: Ball
2-0: Ball
3-0: Base on Balls
Batting: SHB Brady Nagle 0-0: Foul Ball, location: 2F
0-1: Ball
1-1: Foul Ball, location: 2F
1-2: Strikes out swinging
Batting: RHB Jason Sloan 0-0: Fly out, F9 (Flyball, 9D, EV 103.8 MPH)
Batting: RHB William Ortiz 0-0: Ball
1-0: Called Strike
1-1: Ball
2-1: Called Strike
2-2: Ball
3-2: Ground out 6-3 (Groundball, 6, EV 86.2 MPH)
Bottom of the 1st over - 0 runs, 0 hits, 0 errors, 1 left on base; Indianapolis 0 - Rochester 0
TOP OF THE 2ND
Indianapolis Indians batting - Pitching for Rochester Red Wings : LHP Tony Aragon
Batting: LHB Antonio Valdes 0-0: Called Strike
0-1: Ball
1-1: Called Strike
1-2: Strikes out looking
Batting: SHB Luis Cabral 0-0: Ball
1-0: Swinging Strike
1-1: Foul Ball, location: 2F
1-2: Strikes out looking
Batting: RHB Rafael Bordayo 0-0: Swinging Strike
0-1: Swinging Strike
0-2: Ball
1-2: Foul Ball, location: 2F
1-2: Ground out 5-3 (Groundball, 56, EV 83.8 MPH)
Top of the 2nd over - 0 runs, 0 hits, 0 errors, 0 left on base; Indianapolis 0 - Rochester 0
BOTTOM OF THE 2ND
Rochester Red Wings batting - Pitching for Indianapolis Indians : LHP Gabe Fay
Batting: LHB Leo Aragon 0-0: Ball
1-0: Ground out U3 (Groundball, 34S, EV 88.1 MPH)
Batting: RHB Jonathan Fralish 0-0: Called Strike
0-1: Ball
1-1: Foul Ball, location: 2F
1-2: Ball
2-2: Ball
3-2: Ground out U3 (Groundball, 34, EV 108.1 MPH)
Batting: RHB Steven Barnes 0-0: Called Strike
0-1: Foul Ball, location: 2F
0-2: Ball
1-2: Ball
2-2: Foul Ball, location: 2F
2-2: Foul Ball, location: 2F
2-2: Ball
3-2: Base on Balls
Batting: RHB Bryan Welsh 0-0: Ball
1-0: SINGLE (Line Drive, 7S, EV 111.9 MPH)
Steven Barnes to second
Batting: RHB Mario Ceballos 0-0: Called Strike
0-1: Ball
1-1: Fly out, F9 (Flyball, 9LS, EV 87.5 MPH)
Bottom of the 2nd over - 0 runs, 1 hit, 0 errors, 2 left on base; Indianapolis 0 - Rochester 0
TOP OF THE 3RD
Indianapolis Indians batting - Pitching for Rochester Red Wings : LHP Tony Aragon
Batting: LHB Chris Underwood 0-0: Foul Ball, location: 2F
0-1: Foul Ball, location: 2F
0-2: Ball
1-2: Ball
2-2: Foul Ball, location: 2F
2-2: Ball
3-2: Ground out 4-3 (Groundball, 4, EV 101.2 MPH)
Batting: RHB Jerry Lewis 0-0: Called Strike
0-1: Ball
1-1: Swinging Strike
1-2: Ball
2-2: Strikes out swinging
Batting: RHB Victor Robles 0-0: Called Strike
0-1: Ball
1-1: DOUBLE (Groundball, 3L, EV 98.1 MPH)
Batting: LHB Nick Simmons 0-0: Ball
1-0: Called Strike
1-1: Ball
2-1: Foul Ball, location: 2F
2-2: Ball
3-2: Foul Ball, location: 2F
3-2: Foul Ball, location: 2F
3-2: Foul Ball, location: 2F
3-2: Ground out 3-1 (Groundball, 34, EV 108.1 MPH)
Top of the 3rd over - 0 runs, 1 hit, 0 errors, 1 left on base; Indianapolis 0 - Rochester 0
BOTTOM OF THE 3RD
Rochester Red Wings batting - Pitching for Indianapolis Indians : LHP Gabe Fay
Batting: SHB Alex Perez 0-0: Swinging Strike
0-1: Ball
1-1: Swinging Strike
1-2: Strikes out looking
Batting: SHB Brady Nagle 0-0: Ground out 5-3 (Groundball, 56, EV 85.0 MPH)
Batting: RHB Jason Sloan 0-0: Called Strike
0-1: Fly out, F9 (Flyball, 9LS, EV 79.4 MPH)
Bottom of the 3rd over - 0 runs, 0 hits, 0 errors, 0 left on base; Indianapolis 0 - Rochester 0
TOP OF THE 4TH
Indianapolis Indians batting - Pitching for Rochester Red Wings : LHP Tony Aragon
Batting: LHB Ignacio Valverde 0-0: Ball
1-0: Foul Ball, location: 2F
1-1: Ball
2-1: Foul Ball, location: 2F
2-2: Foul Ball, location: 2F
2-2: Ball
3-2: Ground out 6-3 (Groundball, 6, EV 79.4 MPH)
Batting: LHB Chris Tittle 0-0: Ball
1-0: Ground out 4-3 (Groundball, 4, EV 80.0 MPH)
Batting: LHB Antonio Valdes 0-0: Ball
1-0: Ball
2-0: Ball
3-0: Fly out, F3 (Line Drive, 3, EV 73.8 MPH)
Top of the 4th over - 0 runs, 0 hits, 0 errors, 0 left on base; Indianapolis 0 - Rochester 0
BOTTOM OF THE 4TH
Rochester Red Wings batting - Pitching for Indianapolis Indians : LHP Gabe Fay
Batting: RHB William Ortiz 0-0: Ball
1-0: Swinging Strike
1-1: Ball
2-1: Ground out U3 (Groundball, 34, EV 80.0 MPH)
Batting: LHB Leo Aragon 0-0: Called Strike
0-1: Foul Ball, location: 2F
0-2: Ball
1-2: Ball
2-2: DOUBLE (Flyball, 89D, EV 98.8 MPH)
Batting: RHB Jonathan Fralish 0-0: Ball
1-0: Ball
2-0: Ball
3-0: Called Strike
3-1: Called Strike
3-2: Foul Ball, location: 2F
3-2: Ground out 5-3 (Groundball, 15, EV 87.5 MPH)
Batting: RHB Steven Barnes 0-0: Ground out 5-3 (Groundball, 5, EV 89.4 MPH)
Bottom of the 4th over - 0 runs, 1 hit, 0 errors, 1 left on base; Indianapolis 0 - Rochester 0
TOP OF THE 5TH
Indianapolis Indians batting - Pitching for Rochester Red Wings : LHP Tony Aragon
Batting: SHB Luis Cabral 0-0: Fly out, F8 (Flyball, 78D, EV 105.6 MPH)
Batting: RHB Rafael Bordayo 0-0: Called Strike
0-1: Foul Ball, location: 2F
0-2: Foul Ball, location: 2F
0-2: Ground out 6-3 (Groundball, 56, EV 101.9 MPH)
Batting: LHB Chris Underwood 0-0: Ball
1-0: Called Strike
1-1: Called Strike
1-2: Ground out 4-3 (Groundball, 4, EV 81.2 MPH)
Top of the 5th over - 0 runs, 0 hits, 0 errors, 0 left on base; Indianapolis 0 - Rochester 0
BOTTOM OF THE 5TH
Rochester Red Wings batting - Pitching for Indianapolis Indians : LHP Gabe Fay
Batting: RHB Bryan Welsh 0-0: Ball
1-0: Foul Ball, location: 2F
1-1: SINGLE (Groundball, 3D, EV 104.4 MPH)
Batting: RHB Mario Ceballos 0-0: Ball
1-0: Bunt missed!
1-1: Bunted foul
1-2: Fielders Choice at 2nd, 6-4 (Groundball, 6, EV 97.5 MPH)
Batting: SHB Alex Perez 0-0: Foul Ball, location: 2F
0-1: Foul Ball, location: 2F
0-2: TRIPLE (Groundball, 5L, EV 95.0 MPH)
Mario Ceballos scores
Batting: SHB Brady Nagle 0-0: Foul Ball, location: 2F
0-1: Ball
1-1: Ground out 4-3 (Groundball, 4, EV 108.8 MPH)
Batting: RHB Jason Sloan 0-0: 2-RUN HOME RUN (Flyball, 7D, EV 95.6 MPH), Distance : 389 ft
Batting: RHB William Ortiz 0-0: Ball
1-0: Ball
2-0: SINGLE (Groundball, 34S, EV 98.1 MPH)
Batting: LHB Leo Aragon 0-0: Ball
1-0: Called Strike
William Ortiz is caught stealing 2nd base 2-6
Bottom of the 5th over - 3 runs, 4 hits, 0 errors, 0 left on base; Indianapolis 0 - Rochester 3
TOP OF THE 6TH
Indianapolis Indians batting - Pitching for Rochester Red Wings : LHP Tony Aragon
Now at C: Alex Ortiz
Batting: RHB Jerry Lewis 0-0: Ball
1-0: Ball
2-0: Foul Ball, location: 2F
2-1: Ball
3-1: Ground out 6-3 (Groundball, 6, EV 108.1 MPH)
Batting: RHB Victor Robles 0-0: Ball
1-0: Called Strike
1-1: Foul Ball, location: 2F
1-2: Foul Ball, location: 2F
1-2: Ball
2-2: Ball
3-2: Foul Ball, location: 2F
3-2: Foul Ball, location: 2F
3-2: Ground out 6-3 (Groundball, P, EV 91.9 MPH)
Batting: LHB Nick Simmons 0-0: Ball
1-0: Swinging Strike
1-1: Fly out, F5 (Popup, 15, EV 78.1 MPH)
Top of the 6th over - 0 runs, 0 hits, 0 errors, 0 left on base; Indianapolis 0 - Rochester 3
BOTTOM OF THE 6TH
Rochester Red Wings batting - Pitching for Indianapolis Indians : LHP Gabe Fay
Batting: LHB Leo Aragon 0-0: DOUBLE (Line Drive, 8LXD, EV 105.0 MPH)
Batting: RHB Jonathan Fralish 0-0: Called Strike
0-1: Fly out, F9 (Flyball, 9, EV 88.1 MPH)
Batting: RHB Steven Barnes 0-0: Ball
1-0: Called Strike
1-1: Foul Ball, location: 2F
1-2: Ball
2-2: DOUBLE (Line Drive, 9LM, EV 103.1 MPH)
Leo Aragon scores
Batting: RHB Alex Ortiz 0-0: Called Strike
0-1: Called Strike
0-2: Ball
1-2: Ball
2-2: Strikes out swinging
Batting: RHB Mario Ceballos 0-0: Called Strike
0-1: Ball
1-1: Called Strike
1-2: Strikes out swinging
Bottom of the 6th over - 1 run, 2 hits, 0 errors, 1 left on base; Indianapolis 0 - Rochester 4
TOP OF THE 7TH
Indianapolis Indians batting - Pitching for Rochester Red Wings : LHP Tony Aragon
Batting: LHB Ignacio Valverde 0-0: Called Strike
0-1: Foul Ball, location: 2F
0-2: Fly out, F7 (Flyball, 78S, EV 86.2 MPH)
Batting: LHB Chris Tittle 0-0: Called Strike
0-1: Called Strike
0-2: Ball
1-2: Ball
2-2: Foul Ball, location: 2F
2-2: Foul Ball, location: 2F
2-2: Foul Ball, location: 2F
2-2: Ball
3-2: Strikes out looking
Batting: LHB Antonio Valdes 0-0: Ball
1-0: Foul Ball, location: 2F
1-1: Ball
2-1: Foul Ball, location: 2F
2-2: Strikes out looking
Top of the 7th over - 0 runs, 0 hits, 0 errors, 0 left on base; Indianapolis 0 - Rochester 4
BOTTOM OF THE 7TH
Rochester Red Wings batting - Pitching for Indianapolis Indians : LHP Gabe Fay
Batting: SHB Alex Perez 0-0: Ball
1-0: Called Strike
1-1: Ball
2-1: Foul Ball, location: 2F
2-2: Ball
3-2: Ground out 5-3 (Groundball, 5S, EV 80.6 MPH)
Batting: SHB Brady Nagle 0-0: Fly out, F7 (Flyball, 7LS, EV 97.5 MPH)
Batting: RHB Jason Sloan 0-0: DOUBLE (Line Drive, 7LM, EV 90.0 MPH)
Batting: RHB William Ortiz 0-0: Called Strike
0-1: Foul Ball, location: 2F
0-2: Ball
1-2: DOUBLE (Line Drive, 3D, EV 98.1 MPH)
Jason Sloan scores
Pitching: RHP Jose Hincapie
Batting: LHB Leo Aragon 0-0: Ball
1-0: Ball
2-0: Called Strike
2-1: Fly out, F8 (Flyball, 8RS, EV 76.9 MPH)
Bottom of the 7th over - 1 run, 2 hits, 0 errors, 1 left on base; Indianapolis 0 - Rochester 5
TOP OF THE 8TH
Indianapolis Indians batting - Pitching for Rochester Red Wings : LHP Tony Aragon
Pitching: RHP Nate Bond
Batting: SHB Luis Cabral 0-0: Called Strike
0-1: Foul Ball, location: 2F
0-2: Foul Ball, location: 2F
0-2: Ball
1-2: Foul Ball, location: 2F
1-2: Ball
2-2: Strikes out looking
Pinch Hitting: LHB Mike Welch 0-0: Ball
1-0: Ball
2-0: Foul Ball, location: 2F
2-1: TRIPLE (Flyball, 8RXD, EV 108.8 MPH)
Batting: LHB Chris Underwood 0-0: Swinging Strike
0-1: Ball
1-1: Ball
2-1: SINGLE (Groundball, 34D, EV 108.1 MPH)
Mike Welch scores
Pinch Hitting: SHB Danny Santiago 0-0: Ball
1-0: Foul Ball, location: 2F
1-1: Swinging Strike
1-2: Strikes out swinging
Batting: RHB Victor Robles 0-0: Ball
1-0: Ball
2-0: SINGLE (Line Drive, 89S, EV 106.9 MPH)
Chris Underwood to second
Batting: LHB Nick Simmons 0-0: Ball
1-0: Called Strike
1-1: Called Strike
1-2: Strikes out swinging
Top of the 8th over - 1 run, 3 hits, 0 errors, 2 left on base; Indianapolis 1 - Rochester 5
BOTTOM OF THE 8TH
Rochester Red Wings batting - Pitching for Indianapolis Indians : RHP Jose Hincapie
Now at 2B: Danny Santiago
Now at SS: Jared Charest
Batting: RHB Jonathan Fralish 0-0: Foul Ball, location: 2F
0-1: Ball
1-1: Foul Ball, location: 2F
1-2: Ground out 6-3 (Groundball, 6, EV 90.0 MPH)
Batting: RHB Steven Barnes 0-0: Called Strike
0-1: Foul Ball, location: 2F
0-2: Ball
1-2: Ball
2-2: Foul Ball, location: 2F
2-2: Ball
3-2: Ground out 4-3 (Groundball, 4M, EV 108.1 MPH)
Batting: RHB Alex Ortiz 0-0: Ball
1-0: DOUBLE (Flyball, 8LXD, EV 100.6 MPH)
Batting: RHB Mario Ceballos 0-0: Called Strike
0-1: Called Strike
0-2: Ball
1-2: Ball
2-2: Ball
3-2: Base on Balls
Batting: SHB Alex Perez 0-0: Ball
1-0: Ball
2-0: Ground out U3 (Groundball, 34, EV 108.1 MPH)
Bottom of the 8th over - 0 runs, 1 hit, 0 errors, 2 left on base; Indianapolis 1 - Rochester 5
TOP OF THE 9TH
Indianapolis Indians batting - Pitching for Rochester Red Wings : RHP Nate Bond
Batting: LHB Ignacio Valverde 0-0: Ball
1-0: Ball
2-0: Ground out 3-1 (Groundball, 34, EV 105.0 MPH)
Batting: LHB Chris Tittle 0-0: Ball
1-0: Ball
2-0: Foul Ball, location: 2F
2-1: Foul Ball, location: 2F
2-2: Strikes out swinging
Batting: LHB Antonio Valdes 0-0: Ball
1-0: Foul Ball, location: 2F
1-1: SINGLE (Flyball, 5D, EV 86.2 MPH)
Batting: SHB Luis Cabral 0-0: Swinging Strike
0-1: Called Strike
0-2: Foul Ball, location: 2F
0-2: Ball
1-2: Ball
2-2: Strikes out looking
Top of the 9th over - 0 runs, 1 hit, 0 errors, 1 left on base; Indianapolis 1 - Rochester 5
Sunday, June 20th , 2021 - OOTP Baseball 22.6 Build 56